 Dungeon Crawl Stone Soup version 0.28-a0-983-g1de4e0787c (webtiles) character file.

Game seed: 15537803799243380745

8 tatocazan the Skirmisher (level 2, 24/24 HPs)
             Began as a Demonspawn Fighter on Dec 3, 2021.
             Got out of the dungeon alive.
             The game lasted 00:00:23 (470 turns).

tatocazan the Skirmisher (Demonspawn Fighter)        Turns: 470, Time: 00:00:23

Health: 24/24      AC:  6    Str: 16    XL:     2   Next: 0%
Magic:  2/2        EV:  9    Int:  9    God:
Gold:   4          SH:  4    Dex: 12    Spells: 1/1 levels left

rFire   . . .      SeeInvis .   a - +0 war axe
rCold   . . .      Faith    .   c - +0 buckler
rNeg    . . .      Spirit   .   b - +0 scale mail
rPois   .          Reflect  .   (no helmet)
rElec   .          Harm     .   (no cloak)
rCorr   .          Rampage  .   (no gloves)
Will    .....                   (no boots)
Stlth   ..........              (no amulet)
HPRegen 0.08/turn               (no ring)
MPRegen 0.08/turn               (no ring)

@: no status effects
A: hooves 1
a: no special abilities


You escaped.
You visited 1 branch of the dungeon, and saw 1 of its levels.

You collected 4 gold pieces.

Inventory:

Hand Weapons
 a - a +0 war axe (weapon)
Armour
 b - a +0 scale mail (worn)
 c - a +0 buckler (worn)
Scrolls
 e - a scroll of teleportation {unknown}
 h - a scroll of identify {unknown}
 j - a scroll of immolation {unknown}
Potions
 d - a potion of might
 f - a potion of resistance {unknown}
 g - a potion of flight {unknown}
 i - a potion of degeneration {unknown}


   Skills:
 + Level 3.1 Fighting
 + Level 2.0 Axes
 + Level 2.8 Armour
 + Level 2.8 Shields


You had one spell level left.
You didn't know any spells.
Your spell library contained the following spells:

 Spells                   Type           Power      Damage    Failure   Level
 Ozocubu's Armour         Ice            0%         N/A       99%         3
 Metabolic Englaciation   Hex/Ice        0%         N/A       100%        5
 Simulacrum               Ice/Necr       0%         N/A       100%        6


Dungeon Overview and Level Annotations

Branches:
Dungeon (1/15)

Altars:


Innate Abilities, Weirdness & Mutations

You have large cloven feet.


Message History

No target in view!
No target in view!
No target in view!
No target in view!
No target in view!
No target in view!
No target in view!
No target in view!
No target in view!
No target in view!
No target in view!
No target in view!
No target in view!
No target in view!
No target in view!
No target in view!
Things that are here:
a rat corpse; a rat corpse
Things that are here:
a rat corpse; a rat corpse
There is an open door here.
You see here a +0 leather armour.
Key pressed, stopping explore.
j - a scroll labelled YDWYNU GEGUEN A kobold comes into view.
It is wielding a +0 dagger.
The kobold shouts!
A kobold is nearby!
You block the kobold's attack.
You miss the kobold. The kobold closely misses you.
You slash the kobold!
You kill the kobold!
You have reached level 2!
Your demonic ancestry asserts itself...
Your feet thicken and deform.
Health restored: 24; MP restored: 2 You can't go down here!
Unknown command.
There is a staircase leading out of the dungeon here.
Are you sure you want to leave the Dungeon?
This will make you lose the game!
You have escaped!

#.#....# #.# ####.#....#
#####.# ####....#[...#
##########......
.....##.#...##
#..........###.#
###.....##††##
#....####### #.# #
####..##...## #....# #)# #
##.###...####....# #.# #
#.# ###.'†.##.### #.# #
#.#######.@##.# #.# #
#.......'.[...# #.#
#.......#..#..######## #.#
#.......####.......... #.#
#.####### #........# ##
#.# #...####.# .# #.#
#...#
.######.##########...#
..........)..........#####


There were no monsters in sight!

Vanquished Creatures
  A goblin (D:1)
  3 ball pythons (D:1)
  A kobold (D:1)
  5 rats (D:1)
10 creatures vanquished.

Notes
Turn   | Place    | Note
-------+----------+-------------------------------------------
     0 | D:1      | tatocazan the Demonspawn Fighter began the quest for the
                  | Orb.
     0 | D:1      | Reached XP level 1. HP: 18/18 MP: 1/1
   451 | D:1      | Gained mutation: You have large cloven feet. [demonic
                  | ancestry]
   451 | D:1      | Reached XP level 2. HP: 24/24 MP: 2/2
   470 | D:$      | Got out of the dungeon alive.

Illustrated notes

Levels and vault maps discovered:
D:1:      dpeg_arrival_ratfight, layout_rooms,
          ebering_ecumenical_altar_petrified

Skill      XL: |  1 |
---------------+----+-----
Axes           | 2 |  2.0
Fighting       | |  3.1
Armour         | |  2.8
Shields        | |  2.8

Action                   || total
-------------------------++-------
Melee: War axe           ||    44
Armor: Scale mail        ||    27
Dodge: Dodged            ||    17
Block: Buckler           ||     9

Table legend: (Time is in decaauts)
 A = Elapsed time spent in this place.
 B = Non-inter-level travel time spent in this place.
 C = Inter-level travel time spent in this place.
 D = Time resting spent in this place.
 E = Time spent auto-exploring this place.
 F = Levels seen in this place.
 G = Mean time per level.
                   A        B        C        D        E       F      G
               +--------+--------+--------+--------+--------+-----+--------+
         Total |    489 |    471 |     18 |    130 |    248 |   1 |  489.0 |
       Dungeon |    489 |    471 |     18 |    130 |    248 |   1 |  489.0 |
               +--------+--------+--------+--------+--------+-----+--------+

Top non-repeatable levels by time:
     D:1: 489 daAuts
